 Dungeon Crawl Stone Soup version 0.31-a0-208-gdb31a4691d (webtiles) character file.

Game seed: 8721752049606655386

60 Hubris850 the Covered (level 3, -1/33 HPs)
             Began as a Minotaur Fighter on June 28, 2023.
             Slain by an iguana (6 damage)
             ... on level 2 of the Dungeon.
             The game lasted 00:02:45 (938 turns).

Hubris850 the Covered (Minotaur Fighter)             Turns: 938, Time: 00:02:45

Health: -1/33      AC:  7    Str: 22    XL:     3   Next: 82%
Magic:  2/2        EV: 10    Int:  5    God:
Gold:   160        SH:  4    Dex:  9    Spells: 2/2 levels left

rFire   . . .        a - +0 war axe
rCold   . . .        c - +0 buckler
rNeg    . . .        b - +0 scale mail
rPois   .            (helmet restricted)
rElec   .            (no cloak)
rCorr   .            (no gloves)
SInv    .            (no boots)
Will    .....        (no amulet) Stlth
                     (no ring)
HPRegen 0.25/turn    (no ring)
MPRegen 0.08/turn

%: no passive effects
@: no status effects
A: horns 2, retaliatory headbutt
a: no special abilities


You were on level 2 of the Dungeon.
You visited 1 branch of the dungeon, and saw 2 of its levels.

You collected 160 gold pieces.

Inventory:

Hand Weapons
 a - a +0 war axe (weapon)
Missiles
 e - 4 poisoned darts
Armour
 b - a +0 scale mail (worn)
 c - a +0 buckler (worn)
Scrolls
 f - a scroll of teleportation {unknown}
 g - a scroll of fog {unknown}
 i - a scroll of blinking {unknown}
 j - a scroll of identify {unknown}
Potions
 d - a potion of might
 h - a potion of lignification {unknown}


   Skills:
 + Level 4.2 Fighting
 - Level 2.4 Axes
 + Level 4.2 Armour
 + Level 1.7 Dodging
 + Level 4.2 Shields


You had 2 spell levels left.
You didn't know any spells.
Your spell library contained the following spells:

 Spells                   Type           Power      Damage    Failure   Level
 Magic Dart               Conj           0%         1d3       86%         1
 Slow                     Hex            0%         N/A       86%         1
 Searing Ray              Conj           0%         2d4       94%         2
 Confusing Touch          Hex            0%         N/A       99%         3
 Inner Flame              Hex/Fire       0%         N/A       99%         3
 Vampiric Draining        Necr           0%         2d6       99%         3
 Flame Wave               Conj/Fire      0%         2d4       100%        4
 Fulminant Prism          Conj/Hex       0%         3d5       100%        4
 Sticky Flame             Conj/Fire      0%         2d3       100%        4


Dungeon Overview and Level Annotations

Branches:
Dungeon (2/15)

Altars:


Innate Abilities, Weirdness & Mutations

You have a pair of horns on your head.
You reflexively headbutt those who attack you in melee.


Message History

No target in view!
No target in view!
You see here a frilled lizard corpse.
A worm comes into view.
An iguana comes into view.
The iguana hisses angrily.
The iguana moves out of view.
You slash the worm!
The worm is heavily wounded.
You slash the worm!
You kill the worm!
You see here a worm corpse.
You closely miss the iguana.
You headbutt the iguana, but do no damage.
You block the iguana's attack.
You hit the iguana.
The iguana is lightly wounded.
The iguana bites you! You block the iguana's attack.
You hit the iguana.
The iguana is moderately wounded.
The iguana bites you.
You hit the iguana.
The iguana is heavily wounded.
The iguana barely misses you.
You closely miss the iguana.
The iguana is heavily wounded.
The iguana bites you. The iguana barely misses you.
You are too injured to fight recklessly!
You are too injured to fight recklessly!
You hit the iguana.
You headbutt the iguana, but do no damage.
The iguana is severely wounded.
The iguana bites you!
* * * LOW HITPOINT WARNING * * *
You hit the iguana.
The iguana is almost dead.
The iguana bites you.
* * * LOW HITPOINT WARNING * * *
The iguana bites you.
You die...

.....####.######
# .............#
# ##.####.####.#
# # #..†...# #.#
##
.##.##..######
#.# #.
.............#
#.######.
##...#..####.#
#....†...
#.#.#..#
########. #
#...@# #.
#...l...##... #.
.......###.##...
##J .......
.......####..
#.##...
............ #.
#... .... ####..
##.. #.# ##. ##.
#.#######.
#.........


You could see an iguana.

Vanquished Creatures
  2 adders (D:2)
  A worm (D:2)
  2 dart slugs (D:1)
  6 endoplasms
  A giant cockroach (D:2)
  6 goblins
  3 hobgoblins
  A kobold (D:1)
  2 quokkas (D:1)
  3 ball pythons
  3 bats (D:1)
  A frilled lizard (D:2)
  A rat (D:1)
32 creatures vanquished.

Notes
Turn   | Place    | Note
-------+----------+-------------------------------------------
     0 | D:1      | Hubris850 the Minotaur Fighter began the quest for the Orb.
     0 | D:1      | Reached XP level 1. HP: 19/19 MP: 0/0
   130 | D:1      | Reached XP level 2. HP: 27/27 MP: 1/1
   149 | D:1      | Reached skill level 1 in Dodging
   426 | D:1      | Reached XP level 3. HP: 33/33 MP: 2/2
   938 | D:2      | Slain by an iguana

Illustrated notes

Levels and vault maps discovered:
D:1:      reono_arrival_mine, layout_basic, minmay_gold_behind_fungi,
          minmay_splitting_lines
D:2:      layout_loops_ring

Skill      XL: |  1  2 |
---------------+-------+-----
Dodging        | 1 |  1.7
Shields        | 4 |  4.2
Fighting       | 4 |  4.2
Armour         | 4 |  4.2
Axes           | |  2.4

Action                     || total
---------------------------++-------
  Melee: War axe           ||    64
         Headbutt          ||    13
 Armour: Scale mail        ||    19
  Dodge: Dodged            ||    30
  Block: Buckler           ||    10

Table legend: (Time is in decaauts)
 A = Elapsed time spent in this place.
 B = Non-inter-level travel time spent in this place.
 C = Inter-level travel time spent in this place.
 D = Time resting spent in this place.
 E = Time spent auto-exploring this place.
 F = Levels seen in this place.
 G = Mean time per level.
                   A        B        C        D        E       F      G
               +--------+--------+--------+--------+--------+-----+--------+
         Total |    964 |    935 |     29 |      0 |    742 |   2 |  482.0 |
       Dungeon |    964 |    935 |     29 |      0 |    742 |   2 |  482.0 |
               +--------+--------+--------+--------+--------+-----+--------+

Top non-repeatable levels by time:
     D:1: 640 daAuts
     D:2: 323 daAuts
